 Dungeon Crawl Stone Soup version 0.21.1-1-g345015f (webtiles) character file.

309 goulibeur the Distorting Demonspawn (level 6, -2/48 HPs)
             Began as a Demonspawn Abyssal Knight on June 18, 2018.
             Was a Believer of Lugonu.
             Slain by an ogre
             ... wielding a +0 giant club
              (15 damage)
             ... on level 4 of the Dungeon.
             The game lasted 00:11:34 (3814 turns).

goulibeur the Distorting Demonspawn (DsAK)          Turns: 3814, Time: 00:11:36

Health: -2/48      AC:  9    Str: 12    XL:     6   Next: 17%
Magic:  0/10       EV: 13    Int: 13    God:    Lugonu [**....]
Gold:   158        SH:  0    Dex: 15    Spells: 5/5 levels left

rFire    . . .     SeeInvis .   u - +0 flail
rCold    . . .     Gourm    .   (no shield)
rNeg     . . .     Faith    .   f - +3 scale mail
rPois    .         Spirit   +   (no helmet)
rElec    .         Reflect  .   n - scarf {Spirit}
rCorr    +         Harm     .   (no gloves)
MR       .....                  (no boots)
Stlth    ..........             s - amulet of guardian spirit
HPRegen  0.16/turn              i - ring of resist corrosion
MPRegen  0.12/turn              (no ring)

@: no status effects
A: claws 1, repulsion field 2
a: Depart the Abyss, Bend Space, Renounce Religion


You were on level 4 of the Dungeon.
You worshipped Lugonu.
Lugonu was pleased with you.
You were hungry.

You visited 1 branch of the dungeon, and saw 4 of its levels.
You visited the Abyss 1 time.

You collected 158 gold pieces.

Inventory:

Hand Weapons
 a - a +1 short sword
 u - a +0 flail (weapon)
Armour
 b - a +0 leather armour
 f - a +3 scale mail (worn)
 n - a scarf of spirit shield (worn)
Jewellery
 i - a ring of resist corrosion (left claw)
 o - an uncursed amulet of magic regeneration
 s - an amulet of guardian spirit (around neck)
Wands
 k - a wand of digging (13)
Scrolls
 d - 2 scrolls of fog {unknown}
 g - 5 scrolls of teleportation {unknown}
 h - 5 scrolls of identify {unknown}
 j - 3 scrolls of noise {unknown}
 p - 2 scrolls of amnesia {unknown}
Potions
 e - a potion of might {unknown}
 l - 2 potions of mutation {unknown}
 m - 2 potions of curing {unknown}
 r - a potion of heal wounds {unknown}
 t - a potion of brilliance {unknown}
Comestibles
 c - 12 rations


   Skills:
 + Level 4.0 Fighting
 - Level 1.7 Short Blades
 + Level 3.1 Armour
 + Level 2.5 Dodging
 * Level 5.7 Invocations


You had 5 spell levels left.
You didn't know any spells.

Dungeon Overview and Level Annotations

Branches:
Dungeon (4/15)
 Temple: D:4-7

Altars:

Shops:
D:4 [

Annotations:
D:4 tidbits's ghost, amateur GnNe


Innate Abilities, Weirdness & Mutations

You have sharp fingernails.
You are surrounded by a moderate repulsion field. (EV +3)


Message History

You hit the ogre but do no damage.
The ogre is moderately wounded.
The ogre hits you with a giant club.
You sock the ogre!
The ogre is severely wounded.
The ogre barely misses you.
You completely miss the ogre.
The ogre is severely wounded.
The ogre misses you.
You hit the ogre.
The ogre is almost dead.
The ogre hits you with a giant club!
* * * LOW HITPOINT WARNING * * *
You hit the ogre but do no damage.
The ogre is almost dead.
The ogre closely misses you.
You hit the ogre but do no damage.
The ogre is almost dead.
The ogre hits you with a giant club!!
You die...

......#
##...######
#$.).O#...#
#.........#
#.....#...#
##...###.##
######..#
#≈≈≈§≈O##
#≈###≈@# #≈
+..####
#≈###≈#...#
#≈≈≈≈≈##..#
##.## ##.##
#.## ##.#
##.## ##.##
#.
#..###..#
..
#...#...#


You could see an ogre.

Vanquished Creatures
  A bullfrog (D:3)
  A howler monkey (D:4)
  A centaur skeleton (D:4)
  An orc wizard (D:3)
  4 gnolls
  4 adders
  2 worms
  A dart slug (D:2)
  3 leopard geckos
  3 orcs (D:3)
  3 ball pythons
  6 giant cockroaches
  5 goblins
  9 hobgoblins
  3 jackals (D:2)
  7 bats
  3 frilled lizards
  3 kobolds
  13 rats
73 creatures vanquished.

Notes
Turn   | Place    | Note
-------+----------+-------------------------------------------
     0 | Abyss:1  | goulibeur the Demonspawn Abyssal Knight began the quest for the Orb.
     0 | Abyss:1  | Reached XP level 1. HP: 18/18 MP: 2/2
    24 | Abyss:1  | Found a corrupted altar of Lugonu.
    62 | Abyss:1  | Noticed a hellion
    62 | D:1      | Escaped the Abyss
   123 | D:1      | Reached skill level 1 in Dodging
   125 | D:1      | Reached * piety under Lugonu
   265 | D:1      | Gained mutation: You are surrounded by a mild repulsion field. (EV +2) [demonic ancestry]
   265 | D:1      | Reached XP level 2. HP: 18/24 MP: 4/4
   429 | D:1      | Reached skill level 3 in Invocations
   969 | D:2      | Gained mutation: You have sharp fingernails. [demonic ancestry]
   969 | D:2      | Reached XP level 3. HP: 21/29 MP: 5/5
  1644 | D:2      | Reached skill level 4 in Invocations
  1785 | D:3      | Gained mutation: You are surrounded by a moderate repulsion field. (EV +3) [demonic ancestry]
  1785 | D:3      | Reached XP level 4. HP: 21/35 MP: 5/7
  2351 | D:3      | Reached ** piety under Lugonu
  2469 | D:3      | Noticed a bullfrog
  2484 | D:3      | Killed a bullfrog
  2484 | D:3      | Reached skill level 5 in Invocations
  2484 | D:3      | Reached XP level 5. HP: 26/42 MP: 3/8
  2930 | D:4      | Found Wynubehube's Antique Armour Shoppe.
  3418 | D:4      | Reached XP level 6. HP: 31/48 MP: 7/10
  3434 | D:4      | Noticed tidbits's ghost (amateur GnNe)
  3814 | D:4      | Slain by an ogre

Skill      XL: |  1  2  3  4  5 |
---------------+----------------+-----
Dodging        | 1 2 |  2.5
Armour         | 2 3 |  3.1
Invocations    | 3 4 5 |  5.7
Fighting       | 4 |  4.0
Short Blades   | |  1.7

Action                   |  1- 3 |  4- 6 || total
-------------------------+-------+-------++-------
Melee: Short sword       |   164 |   176 ||   340
       Flail             |       |    46 ||    46
Invok: Depart the Abyss  |     1 |       ||     1
 Stab: Sleeping          |     1 |       ||     1
  Eat: Chunk             |     3 |     6 ||     9
Armor: Leather armour    |     8 |       ||     8
       Scale mail        |    56 |    82 ||   138
Dodge: Dodged            |    92 |   145 ||   237
